Unix NetHack Version 5.0.0-0 post-release - last build May  4 2026 22:22:43 (774f63e81ad911689b3a0859ea89b322d5daca8d,branch:main).

Game began 2026-05-08 17:26:00, ended 2026-05-08 17:49:52.

Bleem, neutral female gnomish Wizard

                         ------
  ---------              |....|
  |.......-#            #-....|
  |.......|#            #|....|
  |....<..|#            #|....-##
  |.......|#          ###------ ###
  ---------#          #           #
           #          #           ##------------
           #          #            #|......>...|
           #    ##    #            #...........-
          ##     ######             |....{.....|
          #-----------###           ------------
          #|.........-# ####################################**#############
          #|.........|                                        -.----------.-.-
          #-.......&.|                                        |..............|
           -----------                                        |.`............|
                                                              |..............|
                                                              |........>.....|
                                                              ----------------

Bleem the Evoker          St:9 Dx:9 Co:15 In:19 Wi:9 Ch:13  Neutral
Dlvl:2  $:0  HP:0(16) Pw:18(18) AC:9  Xp:2/33 T:1165  Hallu

Latest messages:
 What do you want to use or apply? [cno or ?*] ?
 Never mind.
 What do you want to use or apply? [cno or ?*] *
 Sorry, I don't know how to use that.
 What do you want to use or apply? [cno or ?*] ?
 Never mind.
 What do you want to use or apply? [cno or ?*] *
 Sorry, I don't know how to use that.
 What do you want to use or apply? [cno or ?*] y
 Sorry, I don't know how to use that.
 What do you want to use or apply? [cno or ?*] *
 Sorry, I don't know how to use that.
 What do you want to drink? [pyzHK or ?*] H
 Oh wow!  Everything looks so cosmic!
 You perceive yourself...
 Your awareness re-normalizes.
 Are you waiting to get hit?  Use 'm' prefix to force a no-op (to rest).
 Are you waiting to get hit?
 Are you waiting to get hit?
 Are you waiting to get hit?
 Are you waiting to get hit?
 Are you waiting to get hit?
 Are you waiting to get hit?
 You feel less trippy now.
 The trapper misses the glass golem.
 The leathery-winged avian bites the green mold.
 The wood nymph is destroyed!
 Pick a monster, object or location.
 You see here a gnome corpse.
 You have trouble lifting a gnome corpse.  Continue? [ynq] (q) y
 You have trouble lifting L - a gnome corpse.
 You rebalance your load.  Movement is difficult.
 What do you want to sacrifice? [L or ?*] ?
 You'll regret this infamous offense!
 The blood floods the altar, which vanishes in a sour cloud!
 You have summoned the black naga!
 You are terrified, and unable to move.
 The voice of Thoth rings out: 
 "Thou durst call upon me?"
 "Then die, mortal!"
 Your movements are now unencumbered.
 The leathery-winged avian of Moloch engulfs you!
 You are pummeled with debris!
 You are pummeled with debris!
 You are pummeled with debris!
 You are pummeled with debris!
 You die...
 Do you want your possessions identified? [ynq] (y) y
 Do you want to see your attributes? [ynq] (y) y
 Do you want an account of creatures vanquished? [ynaq] (y) q

Inventory:
 Weapons  (')')
  A - 4 blessed +0 darts
  a - a blessed +1 quarterstaff (weapon in hands)
 Armor    ('[')
  b - an uncursed +0 cloak of magic resistance (being worn)
  D - an uncursed +0 studded leather armor
 Comestibles  ('%')
  F - 2 uncursed lembas wafers
  J - 2 uncursed sprigs of wolfsbane
  s - an uncursed tripe ration
 Scrolls  ('?')
  w - an uncursed scroll of confuse monster
  j - 2 uncursed scrolls of identify
  k - a blessed scroll of teleportation
 Potions  ('!')
  K - a blessed potion of booze
  y - an uncursed potion of confusion
  z - an uncursed potion of gain energy
  p - an uncursed potion of water
 Rings    ('=')
  e - an uncursed ring of conflict
 Tools    ('(')
  o - an uncursed blindfold
  c - an uncursed lock pick
  n - a magic marker (0:21)
 Gems/Stones  ('*')
  t - an uncursed amber stone
  q - an uncursed worthless piece of yellowish brown glass

Bleem the Wizard's attributes:

Background:
 You were an Evoker, a level 2 female gnomish Wizard.
 You were neutral, on a mission for Thoth
 who was opposed by Ptah (lawful) and Anhur (chaotic).
 You were right-handed.
 You were in the Dungeons of Doom, on level 2.
 You entered the dungeon 1165 turns ago.
 You had 33 experience points, 7 more were needed to attain level 3.

Basics:
 You had 0 out of 16 hit points.
 You had all 18 energy points (spell power).
 Your armor class was 9.
 Your wallet was empty.
 Autopickup was on for '$"%?!=/(*' plus thrown, with exceptions.

Final Characteristics:
 Your strength was 9 (limit:18/50).
 Your dexterity was 9 (limit:18).
 Your constitution was 15 (limit:18).
 Your intelligence was 19 (limit:19).
 Your wisdom was 9 (peak:10, limit:18).
 Your charisma was 13 (limit:18).

Final Status:
 You were hallucinating.
 You were engulfed by the air elemental of Thoth.
 You weren't hungry.
 You were unencumbered.
 You were wielding a quarterstaff.
 You had basic skill with quarterstaff.

Final Attributes:
 You were fervently aligned.
 You were magic-protected.
 You had infravision.
 You were warded.
 You were very unlucky.
 Thoth was angry with you.
 You are dead.

Miscellaneous:
 You didn't encounter any bones levels.
 Total elapsed playing time was 15 minutes and 30 seconds.

Major events:
 Turn
    1: Bleem the neutral female gnomish Wizard entered the dungeon
  393: entered the Gnomish Mines
 1165: killed by the air elemental of Thoth, while being terrified of a demon

Spells:
 Name                 Level Category     Fail Retention
 force bolt             1   attack         0%  91%-100%
 detect monsters        1   divination     0%  76%-100%

Skills:
 Fighting Skills
   bare handed combat [Unskilled]
   riding             [Unskilled]
 Weapon Skills
   dagger             [Unskilled]
   knife              [Unskilled]
   axe                [Unskilled]
   short sword        [Unskilled]
   club               [Unskilled]
   mace               [Unskilled]
   quarterstaff       [Basic]
   polearms           [Unskilled]
   spear              [Unskilled]
   trident            [Unskilled]
   sling              [Unskilled]
   dart               [Unskilled]
   shuriken           [Unskilled]
 Spellcasting Skills
   attack spells      [Basic]
   healing spells     [Unskilled]
   divination spells  [Unskilled]
   enchantment spells [Basic]
   clerical spells    [Unskilled]
   escape spells      [Unskilled]
   matter spells      [Unskilled]

Voluntary challenges:
 Character rerolling was not enabled.
 You followed a strict vegan diet.
 You never genocided any monsters.
 You never polymorphed an object.
 You never changed form.
 You used no wishes.
Achievements:
 You entered the Gnomish Mines.
 You entered a shop.

 The Dungeons of Doom: levels 1 to 3
    Level 1:
       A fountain.
    Level 2: <- You were here.
       A fountain.
       Stairs down to The Gnomish Mines.
       Final resting place for
          you, killed by the air elemental of Thoth, while being terrified of a demon.
    Level 3:
       A general store, a grave.
 The Gnomish Mines:
    Level 3:


Vanquished creatures:
  2 large kobolds
  a yellow mold
  a gnome zombie
  4 jackals
  a fox
  2 lichens
  2 kobold zombies
  6 newts
19 creatures vanquished.

No species were genocided or became extinct.

Game over:
                       ----------
                      /          \
                     /    REST    \
                    /      IN      \
                   /     PEACE      \
                  /                  \
                  |      Bleem       |
                  |       0 Au       |
                  |  killed by the   |
                  | air elemental of |
                  |      Thoth       |
                  |                  |
                  |       2026       |
                 *|     *  *  *      | *
        _________)/\\_//(\/(/\)/\//\/|_)_______

Goodbye Bleem the Wizard...

You died in The Dungeons of Doom on dungeon level 2 with 242 points,
and 0 pieces of gold, after 1165 moves.
You were level 2 with a maximum of 16 hit points when you died.

